 Dungeon Crawl Stone Soup version 0.23.2-33-g5129a83184 (webtiles) character file.

Game seed: 11814426773521868278

12 redmage the Charmwright (level 2, 0/26 HPs)
             Began as a Gnoll Skald on June 27, 2019.
             Slain by a hobgoblin
             ... wielding a +0 club
              (2 damage)
             ... on level 2 of the Dungeon.
             The game lasted 00:02:27 (156 turns).

redmage the Charmwright (Gnoll Skald)                Turns: 156, Time: 00:02:28

Health: 0/26       AC:  3    Str: 13    XL:     2   Next: 33%
Magic:  7/7        EV: 14    Int: 15    God:
Gold:   32         SH:  0    Dex: 14    Spells: 5/10 levels left

rFire    . . .     SeeInvis .   a - +0 falchion
rCold    . . .     Gourm    .   (no shield)
rNeg     . . .     Faith    .   b - +0 leather armour
rPois    .         Spirit   .   (no helmet)
rElec    .         Reflect  .   (no cloak)
rCorr    .         Harm     .   (no gloves)
MR       .....                  (no boots)
Stlth    +.........             h - amulet of inaccuracy (curse)
HPRegen  0.08/turn              (no ring)
MPRegen  0.10/turn              (no ring)

@: no status effects
A: distributed training, fangs 1, strong nose
a: no special abilities


You were on level 2 of the Dungeon.
You were not hungry.

You visited 1 branch of the dungeon, and saw 2 of its levels.

You collected 32 gold pieces.

Inventory:

Hand Weapons
 a - a +0 falchion (weapon)
Armour
 b - a +0 leather armour (worn)
Jewellery
 h - a cursed amulet of inaccuracy (around neck)
Potions
 c - a potion of agility {unknown}
 f - 2 potions of brilliance
 g - a potion of heal wounds {unknown}
Comestibles
 d - 3 rations


   Skills:
 + Level 4.4 Fighting
 + Level 0.3 Short Blades
 + Level 4.4 Long Blades
 + Level 0.3 Axes
 + Level 0.3 Maces & Flails
 + Level 0.3 Polearms
 + Level 0.3 Staves
 + Level 0.3 Slings
 + Level 0.3 Bows
 + Level 0.3 Crossbows
 + Level 0.3 Throwing
 + Level 2.4 Armour
 + Level 4.4 Dodging
 + Level 0.3 Stealth
 + Level 0.3 Shields
 + Level 0.3 Unarmed Combat
 + Level 4.9 Spellcasting
 + Level 0.2 Conjurations
 + Level 0.2 Hexes
 + Level 5.3 Charms
 + Level 0.2 Summonings
 + Level 0.2 Necromancy
 + Level 0.2 Translocations
 + Level 0.2 Transmutations
 + Level 0.2 Fire Magic
 + Level 0.2 Ice Magic
 + Level 0.2 Air Magic
 + Level 0.2 Earth Magic
 + Level 0.2 Poison Magic
 + Level 0.4 Invocations
 + Level 0.3 Evocations


You had 5 spell levels left.
You knew the following spells:

 Your Spells              Type           Power        Failure   Level  Hunger
a - Infusion              Chrm           ###.         2%          1    None
b - Song of Slaying       Chrm           ###.....     3%          2    ##.....
c - Shroud of Golubria    Chrm/Tloc      ##........   10%         2    ##.....

Your spell library contained the following spells:

 Spells                   Type           Power        Failure   Level  Hunger
 Regeneration             Chrm/Necr      ##........   21%         3    ###....
 Spectral Weapon          Hex/Chrm       ##......     21%         3    ###....


Dungeon Overview and Level Annotations

Branches:
Dungeon (2/15)

Altars:
Dithmenos


Innate Abilities, Weirdness & Mutations

Your experience applies equally to all skills.
You have very sharp teeth.
Your uncanny sense of smell can sniff out nearby items.


Message History

You barely miss the hobgoblin.
You bite the hobgoblin, but do no damage.
The kobold closely misses you.
You riposte.
You closely miss the kobold. The hobgoblin closely misses you.
You riposte.
You miss the hobgoblin. The kobold hits you.
* * * LOW HITPOINT WARNING * * *
You closely miss the hobgoblin. You bite the hobgoblin.
The hobgoblin is lightly wounded.
The hobgoblin misses you.
You riposte.
You hit the hobgoblin.
The hobgoblin is moderately wounded.
The kobold hits you.
* * * LOW HITPOINT WARNING * * *
You hit the hobgoblin but do no damage.
The hobgoblin is moderately wounded.
The hobgoblin closely misses you. The kobold hits you.
* * * LOW HITPOINT WARNING * * *
You closely miss the hobgoblin.
The hobgoblin is moderately wounded.
The hobgoblin hits you with a +0 club.
You die...

......... ........
....g. #. .... K.. #
##########.## !... #
#...........# ...# ##
#.....(....§###§...#
.###..........§g§K§.#
..............##@§§.....
.###..§(..§...##§§§.....
.####..(.._..##§§§#.....
..##........##...##.....
.........(.)...$.# ....
.#......##.....#.# ...
........###.#..#.# ...
........# #.##...
..##.....##.# ...#


You could see a hobgoblin and a kobold.

Vanquished Creatures
  A leopard gecko (D:1)
  A giant cockroach (D:2)
  A goblin (D:2)
  3 hobgoblins (D:1)
  3 bats
  A rat (D:1)
10 creatures vanquished.

Notes
Turn   | Place    | Note
-------+----------+-------------------------------------------
     0 | D:1      | redmage the Gnoll Skald began the quest for the Orb.
     0 | D:1      | Reached XP level 1. HP: 20/20 MP: 6/6
    37 | D:1      | Reached XP level 2. HP: 10/26 MP: 7/7
    48 | D:1      | Learned a level 2 spell: Song of Slaying
    51 | D:1      | Learned a level 2 spell: Shroud of Golubria
   116 | D:2      | Found a shadowy altar of Dithmenos.
   156 | D:2      | Slain by a hobgoblin

Action                   || total
-------------------------++-------
Melee: Falchion          ||    23
       Bite              ||     6
 Cast: Shroud of Golubri ||     1
  Use: Scroll            ||     2
Armor: Leather armour    ||     6
Dodge: Dodged            ||    30
       Rpst.: Falchion   ||    11
